 Dungeon Crawl Stone Soup version 0.29-a0-222-g5b244fca1f (webtiles) character file.

Game seed: 1096325226481151073

177 HoaS the Twirler (level 5, -2/30 HPs)
             Began as a Gargoyle Gladiator on Feb 27, 2022.
             Was an Initiate of Okawaru.
             Killed from afar by Pikel (32 damage)
             ... with a bolt of acid
             ... on level 4 of the Dungeon.
             The game lasted 00:06:58 (2759 turns).

HoaS the Twirler (Gargoyle Gladiator)               Turns: 2759, Time: 00:06:59

Health: -2/30      AC: 12    Str: 20    XL:     5   Next: 57%
Magic:  6/6        EV: 10    Int:  8    God:    Okawaru [......]
Gold:   124        SH:  0    Dex: 11    Spells: 4/4 levels left

rFire   . . .      SeeInvis .   a - +0 quarterstaff (chaos)
rCold   . . .      Faith    .   (shield currently unavailable)
rNeg    + . .      Spirit   .   n - +0 scale mail
rPois   ∞          Reflect  .   c - +0 helmet
rElec   +          Harm     .   f - +0 cloak
rCorr   .          Rampage  .   (no gloves)
Will    .....                   (no boots)
Stlth   ..........              k - amulet of regeneration
HPRegen 0.90/turn               g - +4 ring of slaying
MPRegen 0.10/turn               (no ring)

@: no status effects
A: sickness immunity, AC +4, negative energy resistance 1, electricity
resistance, torment resistance 1, petrification resistance
a: Renounce Religion


You were on level 4 of the Dungeon.
You worshipped Okawaru.
Okawaru was noncommittal.
You visited 1 branch of the dungeon, and saw 4 of its levels.

You collected 124 gold pieces.

Inventory:

Hand Weapons
 a - a +0 quarterstaff of chaos (weapon)
Missiles
 d - 2 throwing nets (quivered)
Armour
 c - a +0 helmet (worn)
 f - a +0 cloak (worn)
 n - a +0 scale mail (worn)
Jewellery
 g - a +4 ring of slaying (left hand)
 k - an amulet of regeneration (around neck)
Scrolls
 i - 3 scrolls of teleportation
 m - 2 scrolls of blinking
Potions
 b - a potion of resistance {unknown}
 e - a potion of heal wounds
 h - a potion of haste {unknown}
 j - 2 potions of brilliance {unknown}
 l - 6 potions of curing


   Skills:
 - Level 2.1 Fighting
 * Level 5.2 Staves
 - Level 1.7 Throwing
 - Level 2.4 Armour
 - Level 2.4 Dodging
 + Level 1.7 Invocations


You had 4 spell levels left.
You didn't know any spells.
Your spell library contained the following spells:

 Spells                   Type           Power      Damage    Failure   Level
 Apportation              Tloc           0%         N/A       77%         1
 Gell's Gravitas          Tloc           0%         N/A       98%         3
 Teleport Other           Tloc           0%         N/A       98%         3
 Alistair's Intoxication  Tmut/Pois      0%         N/A       100%        5
 Fireball                 Conj/Fire      0%         3d3       100%        5
 Dispersal                Tloc           0%         N/A       100%        6
 Starburst                Conj/Fire      0%         6d3       100%        6
 Ignition                 Fire           0%         3d3       100%        8


Dungeon Overview and Level Annotations

Branches:
Dungeon (4/15)
 Temple: D:4-7

Altars:
Gozag
Makhleb
Nemelex Xobeh
Okawaru
Ru

Annotations:
D:4 Pikel


Innate Abilities, Weirdness & Mutations

You are immune to sickness and miasma.
Your stone body is resilient. (AC +4)
You are immune to poison.
You resist negative energy. (rN+)
You are resistant to electric shocks. (rElec)
You are resistant to unholy torment.
You are immune to petrification.


Message History

The lemure is severely wounded.
The lemure hits you but does no damage.
You sock the lemure!
You kill the lemure!
That felt strangely unrewarding.
You hit the lemure.
The lemure suddenly seems more agile.
The lemure is lightly wounded.
The lemure closely misses you.
You miss the lemure.
The lemure is lightly wounded.
The lemure hits you but does no damage.
You sock the lemure! You freeze the lemure.
The lemure is severely wounded.
The lemure hits you but does no damage.
You miss the lemure.
The lemure is severely wounded.
The lemure hits you but does no damage.
You hit the lemure. You freeze the lemure.
The lemure is almost dead.
The lemure hits you but does no damage.
You sock Pikel!
Pikel is moderately wounded.
You completely miss Pikel.
Pikel is moderately wounded.
Pikel zaps a wand.
The bolt of acid misses you.
You barely miss Pikel.
Pikel is moderately wounded.
Pikel zaps a wand.
The bolt of acid misses you.
You closely miss Pikel.
Pikel is moderately wounded.
Pikel hits you with a +1 whip of flaming.
Pikel burns you.
You hit Pikel.
Pikel is heavily wounded.
Pikel closely misses you.
You hit Pikel. You burn Pikel.
Pikel is heavily wounded.
Pikel zaps a wand.
The bolt of acid hits you!!
Ouch! That really hurt!
You die...

#.##.#..##.......#
#....
#.##.#...........#
#.#.#
#.##.##.##.......#
#.#.#
#.##.##.##.......#
#.#..
#................#
#.###
####.#####.......#
#....
#...####.......#
#.###
#.#...##.....#.###>#
#
#...#@##.<#..._..#.#
.
##.##K##..#..#.#...#
.
#..55Z......#.##..##.
####..........##.....
####.>............
####5#####.####
##.######.......#
.....5.:.Z......#
......5.5.#######


You could see Pikel, 2 lemures and a goblin skeleton.

Vanquished Creatures
  2 lemures (D:4)
  Jessica (D:3)
  Terence (D:3)
  Natasha (D:3)
  2 adders
  3 worms
  A dart slug (D:3)
  8 endoplasms
  3 goblins
  11 hobgoblins
  4 jackals (D:1)
  10 kobolds
  4 quokkas
  6 ball pythons
  2 bats (D:2)
  7 frilled lizards
  A goblin skeleton (D:4)
  6 rats
73 creatures vanquished.

Notes
Turn   | Place    | Note
-------+----------+-------------------------------------------
     0 | D:1      | HoaS the Gargoyle Gladiator began the quest for the Orb.
     0 | D:1      | Reached XP level 1. HP: 12/12 MP: 1/1
   234 | D:1      | Reached XP level 2. HP: 4/17 MP: 2/2
   584 | D:1      | Reached skill level 1 in Armour
   834 | D:1      | Reached XP level 3. HP: 21/21 MP: 3/3
   969 | D:1      | Found a faded altar of an unknown god.
  1190 | D:2      | Reached skill level 4 in Staves
  1504 | D:2      | Reached XP level 4. HP: 26/26 MP: 4/4
  1894 | D:3      | Found a burning altar of Makhleb.
  2057 | D:3      | Found an iron altar of Okawaru.
  2109 | D:3      | Became a worshipper of Warmaster Okawaru
  2131 | D:3      | Found an opulent altar of Gozag.
  2214 | D:3      | Found a sacrificial altar of Ru.
  2280 | D:3      | Noticed Terence
  2290 | D:3      | Killed Terence
  2376 | D:3      | Reached skill level 1 in Invocations
  2376 | D:3      | Reached XP level 5. HP: 30/30 MP: 5/5
  2503 | D:3      | Noticed Jessica
  2506 | D:3      | Killed Jessica
  2602 | D:3      | Noticed Natasha
  2606 | D:3      | Killed Natasha
  2607 | D:3      | Reached skill level 5 in Staves
  2628 | D:4      | Found a sparkling altar of Nemelex Xobeh.
  2714 | D:4      | Noticed a lemure
  2714 | D:4      | Noticed a lemure
  2714 | D:4      | Noticed a lemure
  2715 | D:4      | Noticed Pikel
  2715 | D:4      | Noticed a lemure
  2743 | D:4      | Killed a lemure
  2748 | D:4      | Killed a lemure
  2759 | D:4      | Killed from afar by Pikel

Illustrated notes

Levels and vault maps discovered:
D:1:      lemuel_arrival_funnel, layout_basic,
          hellmonk_ecumenical_altar_crossroads, hangedman_decor_points,
          st_stairs_5
D:2:      layout_loops_cross
D:3:      layout_basic, nicolae_overflow_crystal_walls,
          nicolae_gozag_cash_rules_everything_around_me,
          mainiacjoe_overflow_alcove_1, mainiacjoe_overflow_small_starburst,
          uniq_jessica, uniq_terence, uniq_natasha
D:4:      layout_loops_cross, lemuel_crystal_altar,
          nicolae_tso_besieged_by_evil, nicolae_dithmenos_shadow_blocks,
          serial_shops, nicolae_shop_crystal, uniq_pikel

Skill      XL: |  1  2  3  4  5 |
---------------+----------------+-----
Armour         | 1 2 |  2.4
Staves         | 4 5 |  5.2
Invocations    | 1 |  1.7
Fighting       | |  2.1
Throwing       | |  1.7
Dodging        | |  2.4

Action                   |  1- 3 |  4- 6 || total
-------------------------+-------+-------++-------
Melee: Quarterstaff      |   110 |    84 ||   194
Throw: Throwing net      |       |     1 ||     1
  Use: Scroll            |     4 |     4 ||     8
Armor: Leather armour    |    26 |       ||    26
       Ring mail         |    21 |     3 ||    24
       Scale mail        |       |    38 ||    38
Dodge: Dodged            |    53 |    35 ||    88

Table legend: (Time is in decaauts)
 A = Elapsed time spent in this place.
 B = Non-inter-level travel time spent in this place.
 C = Inter-level travel time spent in this place.
 D = Time resting spent in this place.
 E = Time spent auto-exploring this place.
 F = Levels seen in this place.
 G = Mean time per level.
                   A        B        C        D        E       F      G
               +--------+--------+--------+--------+--------+-----+--------+
         Total |   2777 |   2700 |     77 |    532 |   1609 |   4 |  694.2 |
       Dungeon |   2777 |   2700 |     77 |    532 |   1609 |   4 |  694.2 |
               +--------+--------+--------+--------+--------+-----+--------+

Top non-repeatable levels by time:
     D:1: 1205 daAuts
     D:3: 745 daAuts
     D:2: 689 daAuts
     D:4: 137 daAuts
